AoeStats
← r998

Black Forest

507374928Analyzed
2v2 RM · 26d ago on Sep 17, 2026· 26m 20s· 4 players
Game mode
Random Map
Map size
Medium (4 player)
Population
200
Speed
Normal
Resources
Standard
Victory
Conquest
Starting age
Dark Age
Ending age
Imperial Age
RankedLock teamsTeams togetherTeam positionsShared explorationLock speedFull tech treeHidden civsTurbo modeCheats
Victory
Defeat
🇨🇴 Persians · Colombia
994
+15
🇺🇸 Cumans · United States
992
+16
vs
🇨🇱 Slavs · Chile
1002
-45
🇦🇷 Persians · Argentina
979
-15
JuanPeron
0:25 Loom
13:42 Feudal Age
15:10 Wheelbarrow
14:41 Double-Bit Axe
18:47 Horse Collar
23:04 Castle Age
21:41 Gold Mining
23:09 Bloodlines
23:17 Forging
23:13 Scale Barding Armor
24:37 Heavy Plow
24:52 Town Watch
r998
0:31 Loom
12:54 Feudal Age
13:38 Double-Bit Axe
14:04 Man-at-Arms
16:41 Forging
rojasfelix253
0:29 Loom
12:49 Feudal Age
15:16 Man-at-Arms
26:08 Castle Age
Black
0:29 Loom
10:27 Feudal Age
12:21 Wheelbarrow
12:30 Double-Bit Axe
14:10 Horse Collar
16:28 Fishing Lines
18:35 Man-at-Arms
20:56 Gold Mining
25:51 Stone Mining
27:08 Forging
Connection lost

Rejoining the realm…

Still unreachable

The connection could not be restored.

Session expired

The server has moved on; the page needs a fresh start.